 Dungeon Crawl Stone Soup version 0.26.1-11-gd32895ea62 (webtiles) character file.

Game seed: 6396957173697313637

1850 GenialerGandalf the Cleaver (level 9, -12/75 HPs)
             Began as a Hill Orc Fighter on Apr 22, 2021.
             Was a Follower of Beogh.
             Killed from afar by Dowan (13 damage)
             ... with a stone arrow
             ... on level 6 of the Dungeon.
             The game lasted 00:22:35 (7248 turns).

GenialerGandalf the Cleaver (Hill Orc Fighter)      Turns: 7248, Time: 00:22:36

Health: -12/75     AC: 15    Str: 22    XL:     9   Next: 12%
Magic:  9/9        EV:  7    Int:  8    God:    Beogh [*.....]
Gold:   266        SH: 10    Dex: 10    Spells: 8/8 levels left

rFire    . . .     SeeInvis .   a - +0 war axe
rCold    . . .     Faith    .   c - +0 kite shield
rNeg     . . .     Spirit   .   s - +0 chain mail
rPois    .         Reflect  .   (no helmet)
rElec    .         Harm     .   p - +2 cloak
rCorr    .         Rampage  .   i - +0 pair of gloves
Will     .....                  (no boots)
Stlth    ..........             (no amulet)
HPRegen  0.22/turn              (no ring)
MPRegen  0.11/turn              (no ring)

@: about to teleport
A: no striking features
a: Renounce Religion


You were on level 6 of the Dungeon.
You worshipped Beogh.
Beogh was aware of your devotion.
You visited 1 branch of the dungeon, and saw 6 of its levels.
You also visited: Sewer.

You collected 266 gold pieces.

Inventory:

Hand Weapons
 a - a +0 war axe (weapon)
 t - a +1 trident of protection
Armour
 b - a +0 scale mail
 c - a +0 kite shield (worn)
 i - a +0 pair of gloves (worn)
 k - a +0 cloak
 p - a +2 cloak (worn)
 s - a +0 chain mail (worn)
Jewellery
 h - an uncursed amulet of faith {unknown}
 l - an uncursed ring of wizardry
 q - an uncursed ring of resist corrosion
 z - an uncursed amulet of guardian spirit {unknown}
 D - an uncursed ring of flight {unknown}
Scrolls
 d - a scroll of random uselessness {unknown}
 f - a scroll of teleportation
 g - 2 scrolls of fog
 m - 5 scrolls of magic mapping {unknown}
 n - a scroll of immolation {unknown}
 w - a scroll of fear {unknown}
 y - a scroll of enchant weapon {unknown}
Potions
 e - 3 potions of curing
 j - 2 potions of lignification {unknown}
 o - 2 potions of degeneration {unknown}
 r - 2 potions of mutation {unknown}
 u - 2 potions of haste {unknown}
 v - 2 potions of brilliance {unknown}
 x - a potion of invisibility {unknown}
 A - a potion of heal wounds {unknown}
 B - 2 potions of attraction {unknown}
 C - a potion of magic {unknown}


   Skills:
 + Level 6.0 Fighting
 + Level 10.3 Axes
 + Level 6.7 Armour
 + Level 1.5 Dodging
 + Level 0.1 Stealth
 + Level 6.2 Shields


You had 8 spell levels left.
You didn't know any spells.
Your spell library was empty.

Dungeon Overview and Level Annotations

Branches:
Dungeon (6/15)              Sewer (visited)
 Temple: D:4-7

Altars:
Yredelemnul

Shops:
D:5 [

Annotations:
D:6 Dowan


Message History

You closely miss the orc warrior. You block Dowan's attack.
The orc warrior hits you with a +0 scimitar!
Dowan casts a spell at you. The shard of ice hits you!!
* * * LOW HITPOINT WARNING * * *
You feel better. Dowan hits you but does no damage.
The orc warrior closely misses you.
Dowan points at you and mumbles some strange words.
The stone arrow hits you!
* * * LOW HITPOINT WARNING * * *
Dowan points at you and mumbles some strange words.
The shard of ice hits you!
* * * LOW HITPOINT WARNING * * *
As you read the scroll of teleportation, it crumbles to dust.
You feel strangely unstable. Dowan gestures at you while chanting.
You block the shard of ice.
Dowan points at you and mumbles some strange words.
The stone arrow hits you!
You die...

##.#......#........## #..
..#
.....................#.....
..#
.......#.....##........#
#... ......#......#
.......# #...
.....##..#..###.[..?.# ..##
....#....##...§§§...#
..........§.§§§§§§..##
.....#.....§§§§e.....#
#....##....§§§§#@§...#
#.....##...§§§§o.###..#
##..# ####§§§§§§§...# ##.
#..§§§§.#...# ## ##......#
..# ###.....# . .......
#.##### ##


You could see an orc warrior and Dowan (fast).

Vanquished Creatures
  Grinder (D:6)
  Sigmund (D:6)
  Duvessa (D:6)
  A sky beast (D:6)
  A black bear (D:6)
  A phantom (D:6)
  3 ogres
  A centaur (D:6)
  3 scorpions
  A hound (D:4)
  2 jellies (D:6)
  4 orc wizards
  2 iguanas
  4 worker ants
  Robin (D:2)
  7 adders
  2 river rats (Sewer)
  2 shadow imps
  A white imp (D:6)
  2 oozes (Sewer)
  An adder skeleton (D:5)
  8 worms
  5 dart slugs
  5 leopard geckos
  22 orcs
  3 ball pythons
  10 giant cockroaches
  13 goblins
  9 hobgoblins
  6 jackals
  12 kobolds
  A quokka (D:3)
  5 bats
  4 frilled lizards
  A jackal zombie (D:5)
  8 rats
154 creatures vanquished.

Vanquished Creatures (others)
  An orc priest (D:5)
  An orc (D:5)
2 creatures vanquished.

Grand Total: 156 creatures vanquished

Notes
Turn   | Place    | Note
-------+----------+-------------------------------------------
     0 | D:1      | GenialerGandalf the Hill Orc Fighter began the quest for
                  | the Orb.
     0 | D:1      | Reached XP level 1. HP: 19/19 MP: 1/1
   121 | D:1      | Reached XP level 2. HP: 27/27 MP: 2/2
   401 | D:1      | Reached skill level 3 in Axes
   723 | D:1      | Reached XP level 3. HP: 31/33 MP: 3/3
  1396 | D:2      | Reached XP level 4. HP: 38/40 MP: 4/4
  1445 | D:2      | Noticed Robin
  1450 | D:2      | Killed Robin
  1451 | D:2      | Reached skill level 4 in Axes
  2597 | D:3      | Reached XP level 5. HP: 46/46 MP: 5/5
  2773 | D:3      | Reached skill level 5 in Axes
  3022 | D:4      | Found a glowing drain.
  3027 | Sewer    | Entered a sewer
  3479 | Sewer    | Reached skill level 6 in Axes
  3479 | Sewer    | Reached XP level 6. HP: 53/53 MP: 6/6
  3482 | Sewer    | Reached skill level 1 in Dodging
  4208 | D:4      | Reached XP level 7. HP: 17/60 MP: 7/7
  4664 | D:4      | Reached skill level 7 in Axes
  5062 | D:4      | Reached skill level 5 in Armour
  5382 | D:5      | Entered Level 5 of the Dungeon
  5420 | D:5      | Found Erhiseyt's Armour Boutique.
  6211 | D:5      | Became a worshipper of Beogh the Brigand
  6214 | D:5      | Found a runed translucent door.
  6215 | D:5      | Noticed a human
  6216 | D:5      | Found a basalt altar of Yredelemnul.
  6588 | D:6      | Reached skill level 8 in Axes
  6588 | D:6      | Reached skill level 5 in Shields
  6588 | D:6      | Reached XP level 8. HP: 52/67 MP: 8/8
  6589 | D:6      | Reached skill level 5 in Fighting
  6698 | D:6      | Noticed Grinder
  6716 | D:6      | Killed Grinder
  6722 | D:6      | Reached skill level 9 in Axes
  6924 | D:6      | Reached * piety under Beogh
  7106 | D:6      | Noticed Sigmund
  7117 | D:6      | Killed Sigmund
  7118 | D:6      | Reached skill level 10 in Axes
  7118 | D:6      | Reached XP level 9. HP: 65/75 MP: 9/9
  7227 | D:6      | Noticed Duvessa
  7227 | D:6      | Noticed Dowan
  7242 | D:6      | Killed Duvessa
  7246 | D:6      | HP: 1/75 [Dowan/shard of ice (8)]
  7248 | D:6      | Killed from afar by Dowan

Illustrated notes

Levels and vault maps discovered:
D:1:      ncdulo_halloftheorcs, layout_loops_cross
D:2:      layout_loops_ring, kennysheep_small_spiral, minmay_misc_feat_five,
          uniq_robin
D:3:      layout_basic
D:4:      layout_basic, portal_sewer_entry_e
D:5:      layout_loops_ring, serial_shops, shop, dk_yredelemnul_ordeal
D:6:      layout_cave_pools, uniq_sigmund, uniq_duvessa,
          uniq_crazy_yiuf_cottage, uniq_grinder

Skill      XL: |  1  2  3  4  5  6  7  8  9 |
---------------+----------------------------+-----
Axes           | 3 4 6 8 10 | 10.3
Fighting       | 4 5 6 |  6.0
Shields        | 4 5 6 |  6.2
Dodging        | 1 |  1.5
Armour         | 4 5 6 |  6.7
Stealth        | |  0.1

Action                   |  1- 3 |  4- 6 |  7- 9 || total
-------------------------+-------+-------+-------++-------
Melee: War axe           |    76 |   258 |   221 ||   555
Invok: Convert to Beogh  |       |       |     1 ||     1
  Use: Scroll            |     1 |     2 |    10 ||    13
       Potion            |       |       |     3 ||     3
Armor: Scale mail        |    44 |       |       ||    44
       Chain mail        |    12 |   118 |   113 ||   243
Dodge: Dodged            |    27 |    64 |    48 ||   139
Block: Kite shield       |    53 |   124 |   122 ||   299
